 Dungeon Crawl Stone Soup version 0.32-a0-931-g5a2cda0630 (webtiles) character file.

Game seed: 13106604593238472951

343 Spear the Cudgeller (level 6, 0/52 HPs)
             Began as a Mountain Dwarf Fighter on Apr 13, 2024.
             Succumbed to an orc's poison
             ... on level 3 of the Dungeon.
             The game lasted 00:03:00 (2578 turns).

Spear the Cudgeller (Mountain Dwarf Fighter)        Turns: 2578, Time: 00:03:01

Health: 0/52       AC: 18    Str: 27    XL:     6   Next: 31%
Magic:  6/6        EV:  7    Int:  8    God:
Gold:   120        SH:  4    Dex:  9    Spells: 5/5 levels left

rFire   . . .        r - +2 hammer (protect)
rCold   . . .        c - +0 buckler
rNeg    . . .        l - +0 chain mail
rPois   .            g - +1 helmet
rElec   .            (no cloak)
rCorr   .            (no gloves)
SInv    .            (no boots)
Will    .....        (no amulet) Stlth
                     S - +6 ring of strength
HPRegen 0.28/turn    (no ring)
MPRegen 0.10/turn

%: no passive effects
@: lethally poisoned (0 -> -6), under a protective aura, hasted, quick
A: runic magic, artefact enchanting
a: Convert to Beogh


You were on level 3 of the Dungeon.
You visited 1 branch of the dungeon, and saw 3 of its levels.

You collected 120 gold pieces.


Innate Abilities, Weirdness & Mutations

Your spellcasting is much less encumbered by armour.
You can use scrolls of enchantment on lesser artefacts.


   Skills:
 + Level 4.0 Fighting
 * Level 6.3 Maces & Flails
 + Level 4.3 Armour
 + Level 0.7 Dodging
 + Level 3.9 Shields


You had 5 spell levels left.
You didn't know any spells.
Your spell library contained the following spells:

 Spells                   Type           Power      Damage    Failure   Level
 Blink                    Tloc           0%         N/A       75%         2
 Lesser Beckoning         Tloc           0%         N/A       75%         2
 Momentum Strike          Conj/Tloc      0%         3d8       75%         2
 Maxwell's Portable Pile  Tloc           0%         2d(5-13)  92%         3
 Teleport Other           Tloc           0%         N/A       92%         3
 Iskenderun's Battlesphe  Conj           0%         2d6       100%        5
 Spellforged Servitor     Conj/Summ      0%         N/A       100%        7

Inventory:

Hand Weapons
 a - a +0 flail
 r - a +2 hammer of protection (weapon)
Armour
 b - a +0 scale mail
 c - a +0 buckler (worn)
 g - a +1 helmet (worn)
 l - a +0 chain mail (worn)
 q - a +0 cloak
Jewellery
 S - a +6 ring of strength (left hand)
Wands
 m - a wand of polymorph (5)
 s - a wand of light (7)
Scrolls
 d - a scroll of blinking {unknown}
 h - 4 scrolls of identify {unknown}
 j - 4 scrolls of fog {unknown}
 k - 2 scrolls of enchant armour {unknown}
 n - a scroll of amnesia {unknown}
 o - a scroll of fear {unknown}
 p - a scroll of acquirement {unknown}
Potions
 e - a potion of haste {@q3}
 f - 3 potions of brilliance {unknown}
 i - a potion of enlightenment {unknown}

Dungeon Overview and Level Annotations

Branches:
Dungeon (3/15)

Altars:

Annotations:
D:3 Ijyb

..... #####...##......### ....o
##(...####.#....# ?...o #..##.#
#.###### .o.o. ##.###.# #.##
..... ###...##.. ##..###### .....
####.....####.##....##..
...g.#####....#...............#..
....ooo.J..###................#..
......########)#@P.PP...P.P##...<
#..#### #.go.~~P~~P~~~~P###... ..
##o..~~P~~P~~~~~# ##.. .
..........~~~P~~~~P~~# #..
##########P~~~P~~~~~~# #..
#PP~~~≈~~P~~ #.. ♣~P~~≈≈≈~ ###
♣P~≈≈≈≈≈≈ ~~≈≈≈≈≈


You could see Ijyb, an orc priest and an orc.


Message History

You kill the orc priest!
You closely miss Ijyb. Ijyb hits you but does no damage.
You hit Ijyb.
Ijyb is lightly wounded.
Ijyb hits you but does no damage.
The orc priest calls down the wrath of Beogh upon you.
Beogh smites you!
You hit Ijyb but do no damage.
Ijyb is lightly wounded.
Ijyb hits you but does no damage.
Ijyb zaps a wand.
Your mind is blasted!
* * * LOW HITPOINT WARNING * * *
The orc priest shouts, "Beogh offers mercy even to people such as you.
Join us and be reborn!" (press Y on the ability menu to convert to Beogh) It was a potion of haste.
You feel yourself speed up. Ijyb barely misses you.
You hit the orc.
The orc is severely wounded.
Ijyb barely misses you.
The orc hits you with a +2 hand axe of venom!
* * * LOW HITPOINT WARNING * * *
You are poisoned.
The orc priest invokes the aid of Beogh against you.
Beogh smites you!
* * * LOW HITPOINT WARNING * * *
* * * LOW HITPOINT WARNING * * *
You feel sick. Ijyb hits you but does no damage.
* * * LOW HITPOINT WARNING * * *
You feel sick.
You enter the shallow water.
Moving in this stuff is going to be slow.
You die...

Skill      XL: |  1  2  3  4  5  6 |
---------------+-------------------+-----
Maces & Flails | 3 5 6 |  6.3
Armour         | 4 |  4.3
Fighting       | 4 |  4.0
Dodging        | |  0.7
Shields        | |  3.9

Action                     |  1- 3 |  4- 6 || total
---------------------------+-------+-------++-------
  Melee: Flail             |    73 |    74 ||   147
         Mace              |       |    61 ||    61
    Use: Potion            |     1 |     1 ||     2
 Armour: Scale mail        |    60 |    10 ||    70
         Chain mail        |       |    85 ||    85
  Dodge: Dodged            |    36 |    54 ||    90
  Block: Buckler           |    15 |    23 ||    38

Levels and vault maps discovered:
D:1:      elethiomel_arrival_shortcut, layout_basic
D:2:      layout_basic, nicolae_concentric_dashed_squares_wild,
          minmay_rat_gold_closets, uniq_sigmund, uniq_jessica,
          uniq_crazy_yiuf_cottage
D:3:      layout_rooms, fedhas_altar_1, serial_shops,
          nicolae_shop_gibbet_a_chance, serial_bayou, serial_bayou_lagoon_b,
          serial_bayou_lake_a, serial_bayou_lagoon_a, serial_bayou_shore_a,
          uniq_ijyb, uniq_robin

Notes
Turn   | Place    | Note
-------+----------+-------------------------------------------
     0 | D:1      | Spear the Mountain Dwarf Fighter began the quest for the
                  | Orb.
     0 | D:1      | Reached XP level 1. HP: 19/19 MP: 1/1
   153 | D:1      | Reached XP level 2. HP: 26/26 MP: 2/2
   535 | D:1      | Reached skill level 3 in Maces & Flails
   806 | D:2      | Reached XP level 3. HP: 31/31 MP: 3/3
   848 | D:2      | Noticed Sigmund
   866 | D:2      | Killed Sigmund
   867 | D:2      | Reached skill level 5 in Maces & Flails
   867 | D:2      | Reached skill level 4 in Armour
   867 | D:2      | Reached XP level 4. HP: 9/40 MP: 4/4
   867 | D:2      | Reached XP level 5. HP: 10/46 MP: 5/5
  1144 | D:2      | Got the Secrets of the Five Emperors
  1244 | D:2      | Noticed Jessica
  1247 | D:2      | Killed Jessica
  1573 | D:2      | Found a runed translucent door.
  1574 | D:2      | Noticed Crazy Yiuf
  2033 | D:2      | Killed Crazy Yiuf
  2034 | D:2      | Reached XP level 6. HP: 31/52 MP: 6/6
  2176 | D:3      | Noticed Robin
  2190 | D:3      | Reached skill level 6 in Maces & Flails
  2192 | D:3      | Killed Robin
  2193 | D:3      | Reached skill level 4 in Fighting
  2548 | D:3      | Noticed Ijyb
  2575 | D:3      | HP: 5/52 [orc priest/divine providence (13)]
  2577 | D:3      | HP: 2/52 [poisoned by an orc]
  2578 | D:3      | Succumbed to an orc's poison

Vanquished Creatures
  Sigmund (D:2)
  Crazy Yiuf (D:2)
  An orc priest (D:3)
  Jessica (D:2)
  Robin (D:3)
  2 adders (D:2)
  2 dart slugs
  2 orcs (D:3)
  5 endoplasms
  11 goblins
  9 hobgoblins
  6 jackals (D:2)
  A kobold (D:3)
  4 quokkas
  4 ball pythons (D:1)
  3 bats
  3 frilled lizards
  10 rats (D:2)
67 creatures vanquished.

Table legend: (Time is in decaauts)
 A = Elapsed time spent in this place.
 B = Non-inter-level travel time spent in this place.
 C = Inter-level travel time spent in this place.
 D = Time resting spent in this place.
 E = Time spent auto-exploring this place.
 F = Levels seen in this place.
 G = Mean time per level.
                   A        B        C        D        E       F      G
               +--------+--------+--------+--------+--------+-----+--------+
         Total |   2624 |   2558 |     66 |     37 |   2012 |   3 |  874.7 |
       Dungeon |   2624 |   2558 |     66 |     37 |   2012 |   3 |  874.7 |
               +--------+--------+--------+--------+--------+-----+--------+

Top non-repeatable levels by time:
     D:2: 1382 daAuts
     D:1: 798 daAuts
     D:3: 442 daAuts

Table legend:
 A = Non-vault XP
 B = Vault XP
 C = Vault XP percentage of total XP
 D = Non-vault monster count
 E = Vault monster count
 F = Vault count percentage of total count
                 A         B        C        D         E       F
            +---------+---------+-------+---------+---------+-------
      Total |     147 |     343 |  70.0 |      45 |      22 |  32.8
            +---------+---------+-------+---------+---------+-------
        D:1 |      33 |       0 |   0.0 |      19 |       0 |   0.0
        D:2 |      50 |     310 |  86.1 |      15 |      11 |  42.3
        D:3 |      64 |      33 |  34.0 |      11 |      11 |  50.0
            +---------+---------+-------+---------+---------+-------
